AoeStats
← ArtTroy2751

Hideout

510212330Analyzed
1v1 RM · 13h ago on Sep 30, 2026· 97m 59s· 2 players
Game mode
Random Map
Map size
Tiny (2 player)
Population
200
Speed
Normal
Resources
Standard
Victory
Conquest
Starting age
Dark Age
Ending age
Imperial Age
RankedLock teamsTeams togetherTeam positionsShared explorationLock speedFull tech treeHidden civsTurbo modeCheats
Victory
Defeat
🇬🇧 Inca · United Kingdom
1290
+16
🇲🇽 Cumans · Mexico
1287
-16
ArtTroy2751
6:21 Loom
8:31 Feudal Age
9:09 Double-Bit Axe
9:30 Horse Collar
20:02 Fletching
21:28 Wheelbarrow
23:59 Castle Age
24:10 Castle Age
21:55 Town Watch
22:29 Padded Archer Armor
23:23 Bloodlines
23:27 Scale Barding Armor
25:18 Chain Barding Armor
25:03 Gold Mining
25:01 Elite Skirmisher
26:27 Leather Archer Armor
25:50 Crossbowman
35:43 Imperial Age
32:39 Capped Ram
33:59 Thumb Ring
35:54 Bow Saw
38:02 Bodkin Arrow
41:15 Chemistry
40:36 Ballistics
41:17 Ring Archer Armor
52:01 Conscription
53:02 Forging
53:41 Plate Barding Armor
52:46 Cavalier
53:47 Light Cavalry
71:21 Hand Cart
82:53 Two-Man Saw
91:14 Iron Casting
Consultio
10:21 Feudal Age
8:38 Loom
10:48 Double-Bit Axe
10:45 Horse Collar
19:38 Castle Age
17:35 Champi Runner
20:53 Bow Saw
20:23 Crossbowman
20:58 Fletching
22:57 Squires
23:22 Bodkin Arrow
26:20 Padded Archer Armor
27:08 Scale Mail Armor
27:47 Pikeman
29:39 Wheelbarrow
28:51 Town Watch
33:09 Chain Mail Armor
34:42 Forging
40:15 Imperial Age
38:02 Hand Cart
38:54 Masonry
41:32 Thumb Ring
41:53 Champi Warrior
42:00 Arbalester
43:11 Elite Skirmisher
44:04 Champi Warrior
45:26 Plate Mail Armor
45:27 Conscription
45:22 Heavy Plow
47:24 Elite Champi Warrior
48:28 Ballistics
51:03 Iron Casting
50:29 Bracer
52:40 Arson
53:17 Leather Archer Armor
54:21 Andean Sling
57:10 Ring Archer Armor
63:15 Guilds
68:07 Chemistry
70:24 Fabric Shields
74:33 Town Patrol
74:16 Halberdier
93:37 Elite Kamayuk
95:56 Crop Rotation
97:07 Blast Furnace
98:04 Siege Engineers
Connection lost

Rejoining the realm…

Still unreachable

The connection could not be restored.

Session expired

The server has moved on; the page needs a fresh start.